 Dungeon Crawl Stone Soup version 0.31-a0-920-g28cbb04a8c (webtiles) character file.

Game seed: 13086112523992312910

329310 osoart the Eclecticist (level 20, -13/165 HPs)
             Began as a Demonspawn Ice Elementalist on Oct 16, 2023.
             Was the Champion of Qazlal.
             Mangled by a quicksilver ooze (14 damage)
             ... created by the Royal Jelly
             ... on level 5 of the Pits of Slime on Oct 17, 2023.
             The game lasted 06:12:19 (46001 turns).

osoart the Eclecticist (DsIE)                      Turns: 46001, Time: 06:12:19

Health: -13/165    AC:  7    Str: 10    XL:     20   Next: 82%
Magic:  0/32       EV: 20    Int: 23    God:    Qazlal [******]
Gold:   3057       SH: 13    Dex: 17    Spells: 6/51 levels left

rFire   + . .        b - +9 halberd of Glamorous Punishment {flame, rF- Int+5}
rCold   + + .        (shield currently unavailable)
rNeg    . . .        j - +0 leather armour of Soft Rains {rPois rF++ Regen+ Stlth-}
rPois   +            Z - +2 helmet {SInv}
rElec   .            (cloak unavailable)
rCorr   +            h - +2 pair of gloves
SInv    +            T - +2 pair of boots
Will    ++...        W - amulet of reflection
Stlth   +            P - ring "Vupacour" {Wiz rCorr Dex+3}
HPRegen 1.27/turn    w - ring of ice
MPRegen 0.46/turn

%: random rage (3%), repel missiles, reflection, guardian spirit, wizardry (x1)
@: corroded, on berserk cooldown, slowed, studying Air Magic, very slow
A: icy blue scales 3, demonic guardian 3, magic shield, magic regeneration,
magic link, demonic willpower, weakness stinger 3, hooves 1, berserk 1, clumsy
1, deformed body, dopey 1, fire resistance 1, low MP 2, poison resistance, weak
1, inability to drink after injury 1, inability to read after injury 2
}: 2/15 runes: barnacled, gossamer
a: Renounce Religion, Upheaval, Elemental Force, Disaster Area


You were on level 5 of the Pits of Slime.
You worshipped Qazlal.
Qazlal was exalted by your worship.
You visited 8 branches of the dungeon, and saw 39 of its levels.
You visited 2 bazaars.
You also visited: Ice Cave and Volcano.

You collected 4839 gold pieces.
You spent 1782 gold pieces at shops.

Inventory:

Hand Weapons
 a - the +3 mace of Huuxtomn {speed, Fly rC- Will+ Str+3}
   (You found it on level 2 of the Lair of Beasts)

   Str+3:     It affects your strength (+3).
   rC-:       It makes you vulnerable to cold.
   Will+:     It increases your willpower.
   Fly:       It grants you flight.
 b - the +9 halberd of Glamorous Punishment (weapon) {flame, rF- Int+5}
   (You acquired it on level 2 of the Dungeon)

   Int+5:     It affects your intelligence (+5).
   rF-:       It makes you vulnerable to fire.
 c - a +8 demon trident of electrocution
 M - the +9 scimitar of the Teaching Augurer {elec, Dex+4}
   (You found it on level 4 of the Shoals)

   Dex+4:     It affects your dexterity (+4).
Armour
 h - a +2 pair of gloves (worn)
 j - the +0 leather armour of Soft Rains (worn) {rPois rF++ Regen+ Stlth-}
   (You took it off Blork the orc on level 4 of the Dungeon)

   rF++:      It greatly protects you from fire.
   rPois:     It protects you from poison Regen+: It increases your rate of
   health regeneration.
   Stlth-:    It makes you less stealthy.
 n - the +1 leather armour "Neiles" {Int+6}
   (You found it on level 5 of the Dungeon)

   Int+6:     It affects your intelligence (+6).
 T - a +2 pair of boots (worn)
 Z - a +2 helmet of see invisible (worn)
Jewellery
 i - a +5 ring of evasion
 w - a ring of ice (right hand)
 x - a +6 ring of strength
 G - a ring of poison resistance
 I - a ring of magical power
 L - a ring of willpower
 N - a ring of protection from fire
 O - a ring of positive energy
 P - the ring "Vupacour" (left hand) {Wiz rCorr Dex+3}
   (You took it off a deep elf demonologist on level 3 of the Elven Halls)

   [ring of wizardry]

   Wiz:       It improves your spell success rate.
   Dex+3:     It affects your dexterity (+3).
   rCorr:     It protects you from acid and corrosion.
 U - a ring of protection from cold
 W - an amulet of reflection (around neck)
Wands
 m - a wand of flame (73)
 s - a wand of paralysis (38)
 t - a wand of digging (11)
 B - a wand of roots (37)
 F - a wand of polymorph (11)
 V - a wand of mindburst (24)
 X - a wand of acid (22)
Scrolls
 d - a scroll of amnesia
 l - 11 scrolls of teleportation
 u - 4 scrolls of poison
 y - 2 scrolls of silence
 C - 4 scrolls of fog
 D - 2 scrolls of blinking
 E - 4 scrolls of fear
 K - 2 scrolls of enchant armour
 Q - 14 scrolls of identify
 R - 2 scrolls of revelation
Potions
 e - 11 potions of curing
 f - 7 potions of enlightenment
 g - 5 potions of haste
 k - 5 potions of magic
 o - 5 potions of heal wounds
 p - 7 potions of resistance
 q - 2 potions of might
 v - 7 potions of brilliance
 A - 2 potions of cancellation
 J - 13 potions of ambrosia
 Y - a potion of lignification
Miscellaneous
 r - a tin of tremorstones (2/2)
 z - a phial of floods
 S - a phantom mirror


   Skills:
 + Level 16.2 Fighting
 + Level 16.3 Polearms
 - Level 5.1 Armour
 - Level 14.5 Dodging
 - Level 2.2 Stealth
 + Level 16.4 Spellcasting
 - Level 4.6 Conjurations
 - Level 5.6 Hexes
 - Level 5.2 Summonings
 * Level 16.3 Ice Magic
 - Level 10.9 Air Magic
 - Level 4.3 Earth Magic
 - Level 6.0 Invocations
 - Level 1.2 Evocations


You had 6 spell levels left.
You knew the following spells:

 Your Spells              Type           Power      Damage    Failure   Level
a - Freeze                Ice            100%       1d10      0%          1
b - Frozen Ramparts       Ice            100%       1d16      0%          3
c - Summon Ice Beast      Ice/Summ       80%        N/A       1%          4
d - Hailstorm             Conj/Ice       79%        3d16      1%          3
e - Stone Arrow           Conj/Erth      78%        3d11      1%          3
f - Ozocubu's Armour      Ice            96%        N/A       0%          3
g - Freezing Cloud        Conj/Ice/Air   40%        6-21      1%          5
h - Polar Vortex          Ice            48%        12d6*     86%         9
i - Swiftness             Air            62%        N/A       1%          3
j - Airstrike             Air            31%        2d(5-21)  1%          4
k - Ozocubu's Refrigerat  Ice            48%        4d18      1%          7

Your spell library contained the following spells:

 Spells                   Type           Power      Damage    Failure   Level
 Kiss of Death            Conj/Necr      100%       2d13      1%          1
 Sandblast                Erth           76%        2d16      1%          1
 Shock                    Conj/Air       100%       1d9       1%          1
 Sting                    Tmut/Pois      72%        1d6       1%          1
 Cigotuvi's Dreadful Rot  Necr/Pois/Air  70%        N/A       1%          2
 Ensorcelled Hibernation  Hex/Ice        100%       N/A       1%          2
 Jinxbite                 Hex            88%        N/A       1%          2
 Passwall                 Tmut/Erth      23%        N/A       1%          2
 Poisonous Vapours        Pois/Air       88%        N/A       1%          2
 Call Canine Familiar     Summ           42%        N/A       1%          3
 Confusing Touch          Hex            44%        N/A       1%          3
 Dazzling Flash           Conj/Hex       84%        N/A       1%          3
 Inner Flame              Hex/Fire       31%        N/A       1%          3
 Sigil of Binding         Hex            44%        N/A       1%          3
 Tukima's Dance           Hex            44%        N/A       1%          3
 Cause Fear               Hex            22%        N/A       1%          4
 Leda's Liquefaction      Hex/Erth       20%        N/A       1%          4
 Silence                  Hex/Air        27%        N/A       1%          5
 Wereblood                Tmut           18%        N/A       2%          2
 Animate Armour           Summ/Erth      80%        N/A       2%          4
 Brom's Barrelling Bould  Conj/Erth      39%        2d6       2%          4
 Ignite Poison            Fire/Tmut/Pois 18%        N/A       4%          3
 Volatile Blastmotes      Fire/Tloc      36%        2d13      4%          3
 Anguish                  Hex/Necr       15%        N/A       4%          4
 Dimensional Bullseye     Hex/Tloc       15%        N/A       4%          4
 Simulacrum               Ice/Necr       35%        N/A       9%          6
 Yara's Violent Unravell  Hex/Tmut       15%        3d8       13%         5
 Dispel Undead            Necr           18%        3d11      16%         4
 Olgreb's Toxic Radiance  Pois           18%        N/A       16%         4
 Passage of Golubria      Tloc           18%        N/A       16%         4
 Fireball                 Conj/Fire      14%        3d8       16%         5
 Starburst                Conj/Fire      14%        6d6       63%         6
 Maxwell's Capacitive Co  Air            31%        ∞         71%         8
 Enfeeble                 Hex            22%        N/A       75%         7
 Lehudib's Crystal Spear  Conj/Erth      19%        10d6      100%        8
 Dragon's Call            Summ           21%        N/A       100%        9


Dungeon Overview and Level Annotations

Branches:
Dungeon (15/15)            Temple (0/1) D:6            Lair (5/5) D:10
 Shoals (4/4) Lair:3       Spider (4/4) Lair:2        Slime (5/5) Lair:4
    Orc (2/2) D:12            Elf (3/3) Orc:2        Vaults (0/5) D:14
 Depths (1/4) D:15          IceCv (visited)         Volcano (visited)

Altars:
Cheibriados
Gozag
Hepliaklqana
Kikubaaqudgha
Makhleb
Qazlal
Ru
Trog
Uskayaw
Wu Jian
Xom

Shops:
D:5 :   D:6 *   Orc:2 *!!(   Elf:1 :   Elf:2 *   Shoals:3 *

Annotations:
D:10 lair
D:12 orx
D:14 vault
D:15 depths
Lair:2 spiderzzz, exclusion: 4 oklob plants
Lair:3 shoals
Lair:4 slime pit
Lair:5 dragon!
Shoals:1 2 transporters, lunkers's ghost, journeyman MeSh
Shoals:2 1 runed translucent door, greenreed's ghost, adept MiBe
Shoals:3 3 runed translucent doors, exclusion: obsidian statue, mortress's ghost, adept MfSh
Shoals:4 Bai Suzhen
Spider:2 Asterion
Slime:5 Royal Jelly
Orc:2 elf
Elf:2 1 runed translucent door


Innate Abilities, Weirdness & Mutations

You are completely covered in icy blue scales. (AC +4, rC+)
A powerful demonic guardian rushes to your aid.
When hurt, damage is shared between your health and your magic reserves.
You regenerate magic rapidly.
When low on magic, you restore magic in place of health.
You punish those that try to bend your will. (Will+)
You have a sharp stinger which inflicts weakening toxins.
You have large cloven feet.
You sometimes lose your temper in combat.
You are clumsy. (Dex -2)
Armour fits poorly on your strangely shaped body.
You are dopey. (Int -2)
Your flesh is heat resistant. (rF+)
Your magical capacity is very low. (-20% MP)
Your system is resistant to poisons. (rPois)
You are weak. (Str -2)
You occasionally lose the ability to drink potions when taking damage.
You sometimes lose the ability to read scrolls when taking damage.


Message History

Your hell beast disappears in a puff of smoke!
The rockslime hits you!
* * * LOW HITPOINT WARNING * * *
You stumble backwards!
The rockslime is engulfed in freezing vapours.
The rockslime completely misses you.
The rockslime seems less drained.
The Royal Jelly is engulfed in blazing flames.
Something shudders.
Something spits out another jelly.
The rockslime hits you!
* * * LOW HITPOINT WARNING * * *
You stumble backwards!
Acid dripping from the walls corrodes you.
The acid blob spits acid at you. The splash of acid hits you. You resist.
* * * LOW HITPOINT WARNING * * *
The rockslime barely misses you.
The quicksilver ooze quivers.
Unknown command.
As you read the scroll of fear, it crumbles to dust.
You assume a fearsome visage.
The rockslime looks frightened!
The acid blob resists with some effort.
The rockslime looks frightened!
The quicksilver ooze is unaffected.
The rockslime looks frightened!
The quicksilver ooze is unaffected.
The azure jelly resists with almost no effort.
The acid blob spits acid at you. The splash of acid hits you! You resist.
* * * LOW HITPOINT WARNING * * *
The acid corrodes you!
Blink to where?
Press: ? - help, Dir - move target
As you read the scroll of blinking, it crumbles to dust.
The quicksilver ooze closely misses you.
You block the quicksilver ooze's attack.
The rockslime is engulfed in blazing flames.
Acid dripping from the walls corrodes you.
The rockslime seems to regain its courage. x2
The quicksilver ooze is engulfed in blazing flames.
The quicksilver ooze is engulfed in a thunderstorm.
The quicksilver ooze hits you!!
You die...

.###.#######..####
..#...# #......#
..J...# #.<...##
..#...# #...#..##
.###### ######..#
.. #..## .. #☼..#
.. #...# .
######@.#
#...#J.##
#..JJJ°.#
#..J..###
######°J...#
#...#JJ..###
#..§...# #.#.#.###
# #####


You could see the Royal Jelly, 2 acid blobs, an azure jelly, 2 rockslimes and 2
quicksilver oozes.

Vanquished Creatures
  3 deep elf blademasters
  10 acid blobs
  2 deep elf master archers (Elf:3)
  Donald (Spider:4)
  3 frost giants
  9 rockslimes
  5 azure jellies
  3 emperor scorpions (Spider:4)
  3 deep elf sorcerers (Elf:3)
  7 deep elf elementalists (Elf:3)
  5 ghost moths
  An orc warlord (Orc:1)
  8 formless jellyfish
  A broodmother (Spider:4)
  6 quicksilver oozes
  2 eleionomae (Shoals:4)
  6 deep elf demonologists
  8 deep elf annihilators
  4 spark wasps
  Snorg (Orc:2)
  A white draconian (IceCv)
  7 merfolk javelineers
  2 fire dragons
  9 merfolk impalers
  Josephine (Lair:4)
  6 deep elf death magi (Elf:3)
  4 deep elf high priests
  4 entropy weavers
  8 great orbs of eyes
  2 ice dragons
  Harold (D:11)
  2 rakshasas (D:15)
  4 hydras
  2 catoblepae
  2 ironbound frosthearts (IceCv)
  2 ogre magi (Orc:2)
  An alligator (Lair:4)
  10 two-headed ogres
  2 merfolk avatars (Shoals:4)
  3 centaur warriors
  6 satyrs
  3 boulder beetles
  2 radroaches (Spider:4)
  2 alligator snapping turtles
  A merfolk aquamancer (Shoals:4)
  31 dancing weapons
  A deep troll shaman (D:15)
  A tengu warrior (D:15)
  A deep troll earth mage (D:15)
  6 demonic crawlers
  7 death yaks
  Urug (Lair:1)
  13 deep elf knights
  Sonja (Orc:2)
  2 fire crabs
  4 skysharks
  Amaemon (D:10)
  Lodul (D:14)
  2 deep trolls (Orc:2)
  7 sea snakes
  6 pharaoh ants
  2 glowing orange brains (Slime:5)
  A sun moth (Spider:4)
  12 orb spiders
  An obsidian statue (Orc:2)
  2 orange crystal statues
  4 occultists
  A necromancer (D:15)
  10 deep elf archers
  A wolf spider zombie (D:15)
  12 harpies
  26 deep elf pyromancers
  17 deep elf zephyrmancers
  2 lindwurms
  21 fauns
  2 orc sorcerers
  2 steelbarb worms
  21 ugly things
  A salamander (shapeshifter) (D:14)
  8 cyclopes
  7 shining eyes
  5 moths of wrath
  16 manticores
  16 wolf spiders
  13 black mambas
  2 molten gargoyles (Lair:5)
  11 elephants
  An orange demon (D:10)
  2 centaur zombies (D:15)
  5 water nymphs
  11 merfolk sirens
  4 torpor snails
  A centaur skeleton (D:15)
  2 eyes of devastation
  An unseen horror (D:12)
  Maggie (D:8)
  A gargoyle (D:10)
  12 cane toads
  A kobold demonologist (D:14)
  9 rime drakes
  2 efreet
  3 tengu conjurers (D:15)
  10 komodo dragons
  A queen bee (Lair:1)
  34 merfolk
  8 meliai
  13 trolls
  14 polar bears
  6 wind drakes
  20 tarantellas
  4 hornets (Spider:4)
  A dream sheep (shapeshifter) (Elf:3)
  7 snapping turtles
  6 blink frogs
  53 slime creatures
  22 jumping spiders
  9 dream sheep
  Sigmund (D:6)
  An air elemental (Elf:2)
  3 wraiths
  27 culicivoras
  2 shadows
  A vampire (D:13)
  13 basilisks
  5 fire elementals
  10 water elementals
  11 fire bats
  Eustachio (D:6)
  11 wyverns
  52 yaks
  11 golden eyes
  2 steam dragons
  44 redbacks
  2 wargs (Orc:1)
  3 vampire mosquitoes (D:13)
  2 acid dragons
  5 hell hounds
  13 water moccasins
  13 orc warriors
  2 sky beasts
  3 ice beasts
  A black bear (D:6)
  34 ogres
  3 boggarts (D:14)
  13 wolves
  13 centaurs
  A phantom (D:5)
  3 kobold brigands (D:12)
  Blork the orc (D:4)
  3 earth elementals (Elf:2)
  11 bullfrogs
  2 gnoll sergeants (D:12)
  A scorpion (D:5)
  20 wights
  2 hornet simulacra (D:15)
  39 killer bees
  2 electric eels
  5 howler monkeys
  10 lava snakes
  6 hounds
  7 jellies
  17 orc priests
  A gnoll bouda (D:9)
  3 sleepcaps
  4 iguanas
  21 orc wizards
  A hell rat (Lair:1)
  6 adders
  9 gnolls
  4 river rats (D:7)
  A white imp (D:7)
  4 ufetubi
  A dart slug (D:1)
  69 orcs
  8 endoplasms
  3 giant cockroaches
  6 hobgoblins
  8 kobolds
  4 quokkas
  6 ball pythons
  7 bats
  4 frilled lizards
  7 goblins
  5 rats
1354 creatures vanquished.

Vanquished Creatures (collateral kills)
  Polyphemus (Shoals:3)
  2 acid blobs
  A rockslime (Slime:2)
  An azure jelly (Slime:2)
  Roxanne (D:15)
  A quicksilver ooze (Slime:5)
  A spark wasp (Lair:2)
  2 merfolk impalers (Shoals:4)
  A great orb of eyes (Slime:5)
  3 entropy weavers
  2 hydras
  A boulder beetle (D:12)
  A two-headed ogre (D:7)
  10 dancing weapons (Elf:2)
  A death yak (Lair:4)
  A satyr (Shoals:2)
  3 deep elf knights
  A sea snake (Shoals:4)
  2 deep elf zephyrmancers
  An orc knight (Orc:2)
  3 deep elf pyromancers
  4 fauns
  2 orc sorcerers
  A cyclops (Orc:1)
  4 ugly things
  2 manticores
  An elephant (Lair:1)
  2 water nymphs (Shoals:4)
  A cane toad (Lair:3)
  A gargoyle (D:11)
  A kobold demonologist (D:12)
  3 komodo dragons
  5 rime drakes
  A troll (Orc:2)
  5 polar bears (IceCv)
  A meliai (Spider:4)
  A blink frog (Lair:3)
  A hornet (Lair:4)
  A tarantella (Spider:2)
  4 snapping turtles
  A culicivora (Spider:1)
  A jumping spider (Spider:4)
  A slime creature (Slime:2)
  A water elemental (Shoals:4)
  2 wraiths (Lair:4)
  7 yaks
  A basilisk (Lair:1)
  3 redbacks
  A vampire mosquito (D:12)
  A warg (Orc:1)
  5 orc warriors
  A wolf (Lair:3)
  A bullfrog (Lair:3)
  A kobold brigand (D:12)
  A wight (D:8)
  A jelly (Lair:4)
  An orc priest (Orc:2)
  A hound (D:5)
  2 orc wizards
  6 orcs
120 creatures vanquished.

Vanquished Creatures (others)
  A ghost moth (Spider:4)
  A deep elf pyromancer (Elf:3)
  An ugly thing (IceCv)
  3 rime drakes (IceCv)
  A polar bear (IceCv)
  A jumping spider (Spider:4)
8 creatures vanquished.

Grand Total: 1482 creatures vanquished

Notes
Turn   | Place    | Note
-------+----------+-------------------------------------------
     0 | D:1      | osoart the Demonspawn Ice Elementalist began the quest for
                  | the Orb.
     0 | D:1      | Reached XP level 1. HP: 13/13 MP: 3/3
   181 | D:1      | Gained mutation: You regenerate magic rapidly. [demonic
                  | ancestry]
   181 | D:1      | Reached XP level 2. HP: 14/19 MP: 3/5
   641 | D:2      | Identified a scroll of acquirement
   641 | D:2      | Acquired a staff of cold
   670 | D:2      | Gained mutation: You have a small tail. [demonic ancestry]
   670 | D:2      | Reached XP level 3. HP: 24/24 MP: 2/6
   676 | D:2      | Learned a level 3 spell: Frozen Ramparts
   989 | D:2      | Found a faded altar of an unknown god.
   997 | D:2      | Acquired the +9 halberd of Glamorous Punishment {flame, rF-
                  | Int+5}
  1005 | D:2      | Prayed at the altar of an unknown god.
  1005 | D:2      | Became a worshipper of Qazlal Stormbringer
  1005 | D:2      | Reached * piety under Qazlal
  1041 | D:2      | Gained mutation: When hurt, damage is shared between your
                  | health and your magic reserves. [demonic ancestry]
  1041 | D:2      | Reached XP level 4. HP: 30/30 MP: 5/7
  1191 | D:3      | Learned a level 4 spell: Summon Ice Beast
  1792 | D:4      | Noticed Blork the orc
  1889 | D:4      | Reached skill level 1 in Evocations
  1981 | D:4      | Reached skill level 1 in Fighting
  1981 | D:4      | Reached XP level 5. HP: 37/37 MP: 5/9
  2050 | D:4      | Reached skill level 1 in Polearms
  2050 | D:4      | Reached skill level 1 in Summonings
  2160 | D:4      | Noticed a yak
  2175 | D:4      | Identified the +0 leather armour of Soft Rains {rPois rF++
                  | Regen+ Stlth-}
  2192 | D:4      | Killed Blork the orc
  2193 | D:4      | Gained mutation: You have a tail ending in a sharp stinger.
                  | [demonic ancestry]
  2193 | D:4      | Reached XP level 6. HP: 29/44 MP: 6/10
  2414 | D:4      | Found a sacrificial altar of Ru.
  2568 | D:5      | Entered Level 5 of the Dungeon
  2578 | D:4      | Reached ** piety under Qazlal
  2596 | D:5      | Identified the +1 leather armour "Neiles" {Int+6}
  2697 | D:5      | Reached XP level 7. HP: 51/51 MP: 8/12
  2729 | D:5      | Reached skill level 1 in Armour
  3074 | D:5      | Found Dumyhyib's Tiny Tomes.
  3082 | D:5      | Bought the Meditations on Chilling Blows for 88 gold pieces
  3082 | D:5      | Bought the Codex of Metal for 88 gold pieces
  3086 | D:5      | Learned a level 3 spell: Hailstorm
  3090 | D:5      | Learned a level 3 spell: Stone Arrow
  3332 | D:6      | Gained mutation: You are partially covered in icy blue
                  | scales. (AC +2) [demonic ancestry]
  3332 | D:6      | Reached XP level 8. HP: 57/57 MP: 11/14
  3353 | D:6      | Noticed Eustachio
  3358 | D:6      | Killed Eustachio
  3436 | D:6      | Found a hide-covered altar of Uskayaw.
  3558 | D:6      | Reached skill level 5 in Dodging
  3558 | D:6      | Reached skill level 5 in Spellcasting
  3599 | D:7      | Identified the +1 helmet of Poor Excuses {SInv}
  3706 | D:6      | Found an ornate altar of the Wu Jian Council.
  3709 | D:6      | Found Jiekhlef's Assorted Antiques.
  3722 | D:6      | Bought a scroll labelled WYISIGHOGH for 30 gold pieces
  3722 | D:6      | Bought a scroll labelled SENASH NANGYDIHETU for 30 gold
                  | pieces
  3722 | D:6      | Bought a puce potion for 27 gold pieces
  3722 | D:6      | Bought a puce potion for 27 gold pieces
  3769 | D:6      | Noticed Sigmund
  3774 | D:6      | Killed Sigmund
  3775 | D:6      | Reached skill level 1 in Conjurations
  3837 | D:6      | Reached skill level 1 in Earth Magic
  3923 | D:6      | Found a burning altar of Makhleb.
  3923 | D:6      | Found an ancient bone altar of Kikubaaqudgha.
  3925 | D:6      | Found a snail-covered altar of Cheibriados.
  3925 | D:6      | Found a hazy altar of Hepliaklqana.
  3955 | D:6      | Gained mutation: When low on magic, you restore magic in
                  | place of health. [demonic ancestry]
  3955 | D:6      | Reached XP level 9. HP: 57/62 MP: 12/17
  4004 | D:6      | Found a staircase to the Ecumenical Temple.
  4102 | D:6      | Reached skill level 5 in Polearms
  4465 | D:7      | Found a shimmering altar of Xom.
  4478 | D:7      | Reached *** piety under Qazlal
  4957 | D:7      | Identified the +10 war axe of True Grit {spect, Str+4}
  5044 | D:8      | Noticed a two-headed ogre
  5145 | D:8      | Gained mutation: A weak demonic guardian rushes to your
                  | aid. [demonic ancestry]
  5145 | D:8      | Reached XP level 10. HP: 64/68 MP: 10/19
  5252 | D:8      | Noticed Maggie
  5282 | D:8      | Killed Maggie
  5511 | D:8      | Reached **** piety under Qazlal
  5718 | D:9      | Learned a level 3 spell: Ozocubu's Armour
  6420 | D:10     | Entered Level 10 of the Dungeon
  6569 | D:10     | Reached skill level 5 in Summonings
  6602 | D:10     | Noticed a gargoyle
  6608 | D:10     | Killed a gargoyle
  6635 | D:10     | Learned a level 4 spell: Leda's Liquefaction
  6721 | D:10     | Noticed Amaemon
  6721 | D:10     | Noticed an orange demon
  6888 | D:10     | Found a staircase to the Lair.
  6958 | D:11     | Noticed a gargoyle
  6983 | D:11     | Killed a gargoyle
  6984 | D:11     | Reached skill level 1 in Hexes
  7161 | D:11     | Noticed a manticore
  7165 | D:11     | Killed a manticore
  7166 | D:11     | Gained mutation: A demonic guardian rushes to your aid.
                  | [demonic ancestry]
  7166 | D:11     | Reached XP level 11. HP: 73/73 MP: 16/22
  7167 | D:11     | Noticed a boulder beetle
  7182 | D:11     | Killed a boulder beetle
  7183 | D:11     | Reached skill level 5 in Ice Magic
  7191 | D:11     | Found a stormy altar of Qazlal.
  7210 | D:11     | Noticed a red ugly thing
  7215 | D:11     | Killed a red ugly thing
  7367 | D:11     | Noticed Harold
  7381 | D:11     | Killed Harold
  7726 | D:12     | Learned a level 3 spell: Call Canine Familiar
  7762 | D:13     | Noticed a brown ugly thing
  7775 | D:12     | Noticed a boulder beetle
  7790 | D:12     | Killed a boulder beetle
  7791 | D:12     | Reached skill level 1 in Invocations
  7811 | D:12     | Noticed a purple ugly thing
  7819 | D:12     | Killed a purple ugly thing
  8007 | D:12     | Noticed a boulder beetle
  8019 | D:12     | Killed a boulder beetle
  8112 | D:12     | Noticed a two-headed ogre
  8123 | D:12     | Killed a two-headed ogre
  8200 | D:12     | Noticed a white ugly thing
  8209 | D:12     | Killed a white ugly thing
  8320 | D:12     | Reached ***** piety under Qazlal
  8524 | D:12     | Noticed a two-headed ogre
  8529 | D:12     | Killed a two-headed ogre
  8530 | D:12     | Reached XP level 12. HP: 79/83 MP: 22/24
  8577 | D:12     | Reached skill level 10 in Dodging
  8637 | D:12     | Found a staircase to the Orcish Mines.
  8937 | Lair:1   | Identified the "Puere"
  8937 | Orc:1    | Entered Level 1 of the Orcish Mines
  8999 | Orc:1    | Reached skill level 5 in Invocations
  9117 | Orc:1    | Reached skill level 5 in Hexes
  9197 | Orc:2    | Entered Level 2 of the Orcish Mines
  9202 | Orc:2    | Noticed Snorg
  9208 | Orc:2    | Killed Snorg
  9209 | Orc:2    | Reached skill level 5 in Fighting
  9300 | Orc:2    | Found a staircase to the Elven Halls.
  9493 | Orc:2    | Noticed Sonja
  9503 | Orc:2    | Killed Sonja
  9541 | Orc:2    | Noticed an orc warlord
  9543 | Orc:2    | Reached ****** piety under Qazlal
  9938 | D:10     | Killed Amaemon
 10163 | D:7      | Killed a two-headed ogre
 10698 | Lair:1   | Entered Level 1 of the Lair of Beasts
 10991 | Lair:1   | Noticed Urug
 10999 | Lair:1   | Killed Urug
 11024 | Lair:1   | Found a transporter.
 11082 | Lair:1   | Gained mutation: You have a sharp stinger which inflicts
                  | weakening toxins. [demonic ancestry]
 11082 | Lair:1   | Reached XP level 13. HP: 94/94 MP: 18/26
 11219 | Lair:1   | Reached skill level 1 in Air Magic
 11234 | Lair:1   | Learned a level 3 spell: Swiftness
 11239 | Lair:1   | Found a transporter.
 12415 | Lair:1   | Reached skill level 10 in Spellcasting
 12808 | Lair:2   | Identified the +3 mace of Huuxtomn {speed, Fly rC- Will+
                  | Str+3}
 12926 | Lair:2   | Reached skill level 5 in Air Magic
 13006 | Lair:2   | Found a hole to the Spider Nest.
 13636 | Lair:3   | Found a dark tunnel.
 13646 | Volcano  | Entered a volcano
 13675 | Volcano  | Reached skill level 10 in Polearms
 13826 | Volcano  | Noticed a fire dragon
 14432 | Lair:3   | Found a staircase to the Shoals.
 14736 | Lair:4   | Gained mutation: You are mostly covered in icy blue scales.
                  | (AC +3) [demonic ancestry]
 14736 | Lair:4   | Reached XP level 14. HP: 87/105 MP: 22/28
 15143 | Lair:4   | Noticed Josephine
 15151 | Lair:4   | Killed Josephine
 15382 | Lair:4   | Found a staircase to the Slime Pits.
 15442 | Shoals:4 | Identified the "Ycywuc"
 15442 | Shoals:4 | Identified the of Teuwn
 15442 | Crypt:3  | Identified the "Impad"
 15442 | Depths:2 | Identified the of Gyushru
 15442 | Elf:3    | Identified the "Muetriv"
 15442 | Slime:1  | Entered Level 1 of the Pits of Slime
 15461 | Lair:5   | Entered Level 5 of the Lair of Beasts
 17300 | Lair:5   | Learned a level 4 spell: Airstrike
 17516 | Lair:5   | Found a large runed translucent door.
 17516 | Lair:5   | Found a large runed translucent door.
 17940 | Orc:1    | Killed an orc warlord
 17968 | Orc:2    | Reached XP level 15. HP: 115/115 MP: 30/30
 18098 | Orc:2    | Reached skill level 10 in Fighting
 18436 | Orc:2    | Found Pagoh's General Store.
 18439 | Orc:2    | Found Adghel's Distillery.
 18442 | Orc:2    | Found Hudetin's Distillery.
 18464 | Orc:2    | Bought a scroll of acquirement for 780 gold pieces
 18471 | Orc:2    | Acquired a book of Spectacle
 18476 | Orc:2    | Found Petauseg's Weapon Emporium.
 18479 | Orc:2    | Bought a potion of heal wounds for 80 gold pieces
 19981 | D:14     | Found a frozen archway.
 19987 | IceCv    | Entered an ice cave
 20030 | IceCv    | Reached skill level 10 in Air Magic
 20349 | IceCv    | Noticed a frost giant
 20373 | IceCv    | Killed a frost giant
 20404 | IceCv    | Noticed a frost giant
 20415 | IceCv    | Killed a frost giant
 20546 | IceCv    | Learned a level 7 spell: Ozocubu's Refrigeration
 20723 | IceCv    | Identified the staff "Sonnad" {rElec rF+ Air}
 20945 | D:14     | Noticed Lodul
 20959 | D:14     | Killed Lodul
 20960 | D:14     | Reached XP level 16. HP: 125/126 MP: 29/32
 21126 | D:14     | Gained mutation: You are robust. (+10% HP) [potion of
                  | mutation]
 21126 | D:14     | Gained mutation: Your magical capacity is low. (-10% MP)
                  | [potion of mutation]
 21127 | D:14     | Lost mutation: You are robust. (+10% HP) [potion of
                  | mutation]
 21127 | D:14     | Lost mutation: Your magical capacity is low. (-10% MP)
                  | [potion of mutation]
 21127 | D:14     | Gained mutation: Your spells are a little harder to cast,
                  | but a little more powerful. [potion of mutation]
 21127 | D:14     | Gained mutation: Your muscles are strong. (Str +4, Int/Dex
                  | -1) [potion of mutation]
 21128 | D:14     | Lost mutation: Your muscles are strong. (Str +4, Int/Dex
                  | -1) [potion of mutation]
 21128 | D:14     | Lost mutation: Your spells are a little harder to cast, but
                  | a little more powerful. [potion of mutation]
 21128 | D:14     | Gained mutation: You have hidden genetic potential. [potion
                  | of mutation]
 21144 | D:14     | Identified the +2 ring mail of the Cockroach {Harm Stlth+}
 21214 | D:14     | Found a gate to the Vaults.
 21551 | D:15     | Entered Level 15 of the Dungeon
 21585 | D:15     | Noticed Roxanne
 21809 | D:15     | Found a staircase to the Depths.
 22491 | D:15     | Killed Roxanne
 24217 | Shoals:1 | Entered Level 1 of the Shoals
 24565 | Spider:1 | Entered Level 1 of the Spider Nest
 24917 | Spider:1 | Identified the +4 chain mail of Elyvilon's Inspiration
                  | {Will+}
 25374 | Spider:2 | Noticed Asterion
 26437 | Spider:3 | Identified the +1 chain mail "Bumouzis" {Dex+4 Slay+3}
 26887 | Spider:4 | Entered Level 4 of the Spider Nest
 27248 | Spider:4 | Gained mutation: You are completely covered in icy blue
                  | scales. (AC +4, rC+) [demonic ancestry]
 27248 | Spider:4 | Reached XP level 17. HP: 133/135 MP: 30/34
 27288 | Spider:4 | Gained mutation: Your flesh is heat resistant. (rF+)
                  | [hidden potential]
 28708 | Spider:4 | Reached skill level 10 in Ice Magic
 29142 | Spider:4 | Got a gossamer rune of Zot
 29283 | Spider:3 | Noticed Donald
 29295 | Spider:4 | Killed Donald
 30521 | Shoals:1 | Found a transporter.
 30528 | Shoals:1 | Found a bloodstained altar of Trog.
 30535 | Shoals:1 | Noticed lunkers's ghost (journeyman MeSh)
 30588 | Shoals:1 | Found a transporter.
 31135 | Shoals:2 | Reached skill level 5 in Armour
 31814 | Shoals:2 | Found a runed translucent door.
 31815 | Shoals:2 | Noticed greenreed's ghost (adept MiBe)
 32100 | Shoals:2 | Upgraded the game from 0.31-a0-889-g1a8549509d to
                  | 0.31-a0-920-g28cbb04a8c
 32201 | Shoals:3 | Gained mutation: A powerful demonic guardian rushes to your
                  | aid. [demonic ancestry]
 32201 | Shoals:3 | Reached XP level 18. HP: 144/144 MP: 25/36
 32268 | Shoals:3 | Found a runed translucent gate.
 32269 | Shoals:3 | Found a runed translucent gate.
 32270 | Shoals:3 | Found a runed translucent gate.
 32312 | Shoals:3 | Gained mutation: You have large cloven feet. [hidden
                  | potential]
 32312 | Shoals:3 | Lost mutation: You have hidden genetic potential. [hidden
                  | potential expressed]
 32338 | Shoals:3 | Found an opulent altar of Gozag.
 32338 | Shoals:3 | Noticed mortress's ghost (adept MfSh)
 32339 | Shoals:3 | Found Dusud's Assorted Antiques.
 32350 | Shoals:3 | Noticed Polyphemus
 32562 | Shoals:3 | Killed Polyphemus
 32612 | Shoals:4 | Entered Level 4 of the Shoals
 34086 | Shoals:4 | Noticed Bai Suzhen
 34231 | Shoals:4 | Identified the +9 scimitar of the Teaching Augurer {elec,
                  | Dex+4}
 34676 | Shoals:3 | Learned a level 9 spell: Polar Vortex
 35326 | Orc:2    | Found a gateway to a bazaar.
 35335 | Bazaar   | Entered a bazaar
 35342 | Bazaar   | Found Tianijach's General Store.
 35344 | Bazaar   | Found Fepsit's Weapon Boutique.
 35354 | Bazaar   | Found Vavukeg's Distillery.
 35359 | Bazaar   | Bought a potion of heal wounds for 45 gold pieces
 35359 | Bazaar   | Found Tekaij's Antique Armour Shoppe.
 35367 | Bazaar   | Found Ikhiurirph's General Store.
 35411 | Elf:1    | Entered Level 1 of the Elven Halls
 35552 | Elf:1    | Found Lecaopriyz's Book Shop.
 35560 | Elf:1    | Bought a Trismegistus Codex for 520 gold pieces
 36702 | Elf:2    | Reached skill level 15 in Spellcasting
 36705 | Elf:2    | Found Fallimez's Assorted Antiques.
 37029 | Elf:2    | Gained mutation: You punish those that try to bend your
                  | will. (Will+) [demonic ancestry]
 37029 | Elf:2    | Reached XP level 19. HP: 149/153 MP: 36/38
 37035 | Elf:2    | Found a runed translucent door.
 37065 | Elf:2    | Found a runed translucent door.
 37280 | Elf:2    | Found an ancient bone altar of Kikubaaqudgha.
 37352 | Elf:3    | Entered Level 3 of the Elven Halls
 37511 | Elf:3    | Learned a level 5 spell: Freezing Cloud
 37571 | Elf:3    | Reached skill level 15 in Polearms
 37667 | Elf:3    | Found an ancient bone altar of Kikubaaqudgha.
 37822 | Elf:3    | Identified the staff "Zirhoicw" {rF- rN+++ Dex+5 Stlth+
                  | Earth}
 37841 | Elf:3    | Noticed a caustic shrike
 37842 | Elf:3    | a caustic shrike changed into an acid blob
 37849 | Elf:3    | an iron dragon changed into an iron giant
 37849 | Elf:3    | Noticed an iron giant (glowing shapeshifter)
 37855 | Elf:3    | an iron giant changed into a shadow dragon
 37956 | Elf:3    | Found a flickering gateway to a bazaar.
 37963 | Bazaar   | Entered a bazaar
 37970 | Bazaar   | Found Huheawn's Magic Scroll Shop.
 37984 | Bazaar   | Found Damer's Assorted Antiques.
 37998 | Bazaar   | Found Eteneec's General Store.
 38026 | Bazaar   | Found Duoloitt's Distillery.
 38040 | Bazaar   | Found Cumo's Armour Boutique.
 38160 | Bazaar   | Bought a scroll of revelation for 67 gold pieces
 38743 | Elf:3    | Identified the amulet "Utui" {Spirit +Blink rF++ rC+ Dex-2}
 38763 | Elf:3    | Identified the +0 leather armour "Sam Heph" {Drain +Inv
                  | Regen+ SInv}
 38767 | Elf:3    | Noticed a Brimstone Fiend
 38811 | Elf:3    | Reached skill level 15 in Fighting
 38834 | Elf:3    | Identified the +1 scimitar of Hell's Wrath {venom, Str+5}
 38834 | Elf:3    | Identified the +2 robe of a volcano {+Inv Dex+5 Stlth-}
 39281 | Elf:3    | Identified the ring "Vupacour" {Wiz rCorr Dex+3}
 39353 | Elf:3    | Identified the staff "Junnuoc" {rC+ rN+++ Will+ Str-4
                  | Earth}
 39913 | Elf:2    | HP: 6/155 [poisoned by a +2 glaive of venom]
 41629 | Shoals:4 | Reached skill level 15 in Ice Magic
 41635 | Shoals:4 | Identified the ring of Fooblew {+Blink rF+ rN+ rCorr
                  | Slay-5}
 41781 | Shoals:4 | Reached XP level 20. HP: 157/163 MP: 33/39
 42063 | Shoals:4 | Got a barnacled rune of Zot
 42098 | Shoals:4 | Identified the +11 battleaxe of Causality {venom, *Corrode
                  | Str+5}
 42451 | Depths:1 | Entered Level 1 of the Depths
 43364 | Slime:2  | Gained mutation: Armour fits poorly on your strangely
                  | shaped body. [a shining eye]
 43365 | Slime:2  | Gained mutation: Your magical capacity is low. (-10% MP) [a
                  | shining eye]
 43514 | Slime:3  | Gained mutation: You occasionally lose the ability to read
                  | scrolls when taking damage. [a shining eye]
 43552 | Slime:3  | Paralysed by a formless jellyfish for 1 turns
 43558 | Slime:3  | Paralysed by a formless jellyfish for 1 turns
 43565 | Slime:3  | Paralysed by a formless jellyfish for 1 turns
 43911 | Slime:2  | Gained mutation: You sometimes lose the ability to read
                  | scrolls when taking damage. [a shining eye]
 43914 | Slime:2  | Gained mutation: Your magical capacity is very low. (-20%
                  | MP) [a shining eye]
 43915 | Slime:2  | Gained mutation: You occasionally lose the ability to drink
                  | potions when taking damage. [a shining eye]
 44314 | Slime:1  | Gained mutation: You are clumsy. (Dex -2) [a shining eye]
 44740 | Slime:3  | Paralysed by a formless jellyfish for 1 turns
 44819 | Slime:3  | Gained mutation: You sometimes lose your temper in combat.
                  | [a shining eye]
 44823 | Slime:2  | Gained mutation: Your system is resistant to poisons.
                  | (rPois) [a shining eye]
 44825 | Slime:2  | Gained mutation: You are weak. (Str -2) [a shining eye]
 45482 | Slime:5  | Entered Level 5 of the Pits of Slime
 45835 | Slime:5  | Gained mutation: You are dopey. (Int -2) [a shining eye]
 45845 | Slime:5  | Noticed the Royal Jelly
 45998 | Slime:5  | HP: 5/165 [acid blob/splash of acid[the Royal Jelly] (5)]
 45999 | Slime:5  | HP: 1/165 [acid blob/splash of acid[the Royal Jelly] (4)]
 46001 | Slime:5  | Mangled by a quicksilver ooze

Illustrated notes

Levels and vault maps discovered:
D:1:      evilmike_arrival_grusome_pit, layout_rooms
D:2:      layout_basic, shapermc_ecumenical_altar_notcrosses
D:3:      layout_loops_ring
D:4:      layout_rooms, nicolae_ru_the_path_less_chosen, grunt_ministairs_3,
          minmay_manual_mess, uniq_blork_the_orc
D:5:      layout_cave_pools, nicolae_shop_i_like_small_books_too,
          nicolae_eternal_life, st_stairs_5
D:6:      layout_basic, grunt_temple_overflow_open,
          nicolae_overflow_crystal_walls, minmay_temple_entry_steel_oval,
          serial_shops, nicolae_shop_tiny_statue_garden,
          minmay_misc_feat_hallway, st_stairs_10, grunt_ministairs_15,
          uniq_eustachio, uniq_sigmund
D:7:      wad_woods_stonehenge, layout_loops_cross, serial_bayou_pond_d
D:8:      layout_basic, minmay_manual_mares, uniq_maggie
D:9:      layout_gridville, tso_metal_star
D:10:     layout_basic, lair_entry_dummy, uniq_amaemon
D:11:     layout_loops_ring, nicolae_qazlal_scattered_showers, uniq_harold
D:12:     layout_stronghold, kennysheep_orc_monster_closet_entryway,
          nicolae_houndstooth_variations
D:13:     layout_roguey
D:14:     layout_gridville, hellmonk_vaults_attempted_burglary,
          portal_ice_cave_entry_dragon, chequers_serial_rivers_small_a,
          uniq_lodul
D:15:     grunt_enter_depths_magical_seal, layout_cave_pods,
          hangedman_decor_growths, uniq_roxanne
Lair:1:   gammafunk_cloud_chamber, layout_cave_pods, uniq_urug
Lair:2:   hangedman_what_comes_after_a, layout_chaotic_city,
          spider_nest_entry_rubble
Lair:3:   layout_cave_pods, minmay_shoals_entry_lonely_mermaid,
          nicolae_volcano_entry_batcave, infiniplex_staircase_pool_2
Lair:4:   layout_roguey, nicolae_slime_entry_field_trip,
          infiniplex_staircase_pool, uniq_josephine
Lair:5:   cheibrodos_lair_end_hotspot, layout_big_grid,
          hangedman_lair_generics_rect
Shoals:1: nicolae_shoals_aurelia_aurita, layout_shoals,
          gammafunk_ghost_wrathful_warriors
Shoals:2: layout_shoals, ebering_ghost_inner_flame
Shoals:3: layout_shoals, ebering_ghost_gozag, overgrown_statue, uniq_polyphemus
Shoals:4: shoals_end_grunt_ice, layout_shoals, nicolae_shoals_enchanted_isle,
          uniq_bai_suzhen
Spider:1: layout_spider_delve, drop_trap
Spider:2: layout_spider_delve, nicolae_orb_stairs, uniq_asterion
Spider:3: layout_spider_delve, uniq_donald
Spider:4: spider_rune_water
Slime:1:  layout_caves
Slime:2:  cheibrodos_slime_lost_civilization_9, layout_caves
Slime:3:  layout_caves
Slime:4:  layout_caves
Slime:5:  slime_pit_nicolae_block_by_block
Orc:1:    layout_diamond_mine
Orc:2:    st_orc_open, layout_diamond_mine, basic_altar, serial_shops,
          statue_bzr, minmay_orc_temple_b, uniq_snorg, uniq_sonja
Elf:1:    layout_geoelf_octagon, serial_shops,
          nicolae_shop_temple_entry_statues_fountains,
          kennysheep_underground_church, minivault_16
Elf:2:    nicolae_elf_blades_splatter_lattice
          [nicolae_blade_entry_splitting_headache], layout_rooms, basic_altar,
          serial_shops, shop, nicolae_elf_big_sculpture_3
Elf:3:    elf_hall, layout_loops_corners, serial_shops, bzr_entry_road,
          basic_altar, hangedman_elven_crosses_minicolossus
Depths:1: layout_gridville, enter_trove_2, pf_hell_entry_tar_river, pan_entry,
          good_gods_temple_1, lemuel_nasty_fountain,
          infiniplex_staircase_pool_lava, kennysheep_random_hallway

Skill      XL: |  1  2  3  4  5  6  7  8  9 10 11 12 13 14 15 16 17 18 19 20 |
---------------+-------------------------------------------------------------+-----
Stealth        | 2 |  2.2
Dodging        | 2 3 4 5 6 8 9 11 13 14 | 14.5
Ice Magic      | 4 5 9 11 13 15 16 | 16.3
Evocations     | 1 |  1.2
Fighting       | 1 2 4 6 8 9 11 12 13 14 15 16 | 16.2
Polearms       | 1 2 3 4 5 6 7 9 10 11 12 13 14 15 16 | 16.3
Summonings     | 1 2 3 4 5 |  5.2
Spellcasting   | 3 4 5 6 7 8 9 10 11 12 13 14 15 16 | 16.4
Armour         | 1 3 5 |  5.1
Conjurations   | 1 3 4 |  4.6
Earth Magic    | 1 3 4 |  4.3
Hexes          | 1 4 5 |  5.6
Invocations    | 4 6 |  6.0
Air Magic      | 6 9 10 | 10.9

Action                     |  1- 3 |  4- 6 |  7- 9 | 10-12 | 13-15 | 16-18 | 19-21 || total
---------------------------+-------+-------+-------+-------+-------+-------+-------++-------
  Melee: Dagger            |    18 |       |       |       |       |       |       ||    18
         Staff             |    11 |       |       |       |       |       |       ||    11
         Halberd           |     3 |    46 |   148 |   360 |   840 |  1293 |   841 ||  3531
         Tailslap          |       |     2 |    13 |    31 |   154 |   187 |   156 ||   543
         Mace              |       |       |       |       |    15 |    69 |    12 ||    96
         Punch             |       |       |       |       |       |     2 |       ||     2
   Cast: Freeze            |    52 |     9 |     1 |     4 |    56 |     2 |     1 ||   125
         Frozen Ramparts   |       |    13 |    32 |    49 |    78 |    94 |    18 ||   284
         Summon Ice Beast  |       |     1 |     4 |    44 |    37 |    17 |       ||   103
         Hailstorm         |       |       |     2 |    36 |    29 |    18 |     2 ||    87
         Stone Arrow       |       |       |     2 |    26 |    56 |    46 |    29 ||   159
         Call Canine Famil |       |       |       |     3 |     2 |       |       ||     5
         Ozocubu's Armour  |       |       |       |     1 |       |     4 |     1 ||     6
         Airstrike         |       |       |       |       |     5 |   197 |    96 ||   298
         Ozocubu's Refrige |       |       |       |       |       |       |    34 ||    34
 Invoke: Disaster Area     |       |       |       |       |       |     1 |       ||     1
  Evoke: Wand              |       |       |       |       |       |     1 |     4 ||     5
         Phantom mirror    |       |       |       |       |       |     1 |       ||     1
    Use: Scroll            |     7 |     6 |     6 |     9 |     6 |     9 |    12 ||    55
         Potion            |       |       |       |       |     2 |     8 |     7 ||    17
   Stab: Sleeping          |     1 |       |       |       |       |       |       ||     1
         Distracted        |       |       |       |     1 |     6 |     3 |     3 ||    13
         Petrified         |       |       |       |       |       |     3 |       ||     3
 Armour: Robe              |    31 |    15 |       |       |       |       |       ||    46
         Leather armour    |       |    19 |    66 |   133 |   616 |   830 |   551 ||  2215
  Dodge: Dodged            |    48 |    24 |    91 |   178 |   684 |  1132 |   475 ||  2632
         Repelled          |       |       |       |     8 |    10 |    27 |    32 ||    77
  Block: Other             |       |     3 |     8 |    72 |   411 |  1006 |   436 ||  1936
         Reflection        |       |       |       |       |     4 |    92 |    29 ||   125

Table legend: (Time is in decaauts)
 A = Elapsed time spent in this place.
 B = Non-inter-level travel time spent in this place.
 C = Inter-level travel time spent in this place.
 D = Time resting spent in this place.
 E = Time spent auto-exploring this place.
 F = Levels seen in this place.
 G = Mean time per level.
                   A        B        C        D        E       F      G
               +--------+--------+--------+--------+--------+-----+--------+
         Total |  46291 |  39717 |   6574 |   4626 |   8706 |  43 | 1076.5 |
       Dungeon |  14717 |  11961 |   2756 |    260 |   3589 |  15 |  981.1 |
          Lair |   8807 |   6607 |   2200 |   1235 |   1436 |   5 | 1761.4 |
        Shoals |   5792 |   5262 |    530 |    652 |   1299 |   4 | 1448.0 |
   Spider Nest |   5295 |   4707 |    588 |   1094 |    834 |   4 | 1323.8 |
    Slime Pits |   3012 |   2995 |     17 |    608 |     17 |   5 |  602.4 |
  Orcish Mines |   2078 |   1782 |    296 |     44 |    360 |   2 | 1039.0 |
   Elven Halls |   5095 |   4910 |    185 |    644 |    851 |   3 | 1698.3 |
        Depths |     55 |     55 |      0 |      0 |      0 |   1 |   55.0 |
        Bazaar |    337 |    337 |      0 |      0 |    111 |   2 |  168.5 |
      Ice Cave |    864 |    864 |      0 |     89 |    207 |   1 |  864.0 |
       Volcano |    234 |    234 |      0 |      0 |      0 |   1 |  234.0 |
               +--------+--------+--------+--------+--------+-----+--------+

Top non-repeatable levels by time:
Spider:4: 2215 daAuts
Shoals:3: 2178 daAuts
  Lair:1: 2169 daAuts
  Lair:4: 2092 daAuts
  Lair:3: 2048 daAuts
   Elf:3: 1708 daAuts
   Elf:2: 1699 daAuts
   Elf:1: 1687 daAuts
    D:12: 1589 daAuts
   Orc:2: 1573 daAuts
Spider:1: 1483 daAuts
  Lair:2: 1415 daAuts
Shoals:4: 1390 daAuts
    D:11: 1275 daAuts
    D:10: 1262 daAuts
